 Dungeon Crawl Stone Soup version 0.27-a0-836-gfc908b8576 (webtiles) character file.

Game seed: 3869237774412325417

46 robertstho the Magician (level 3, -2/27 HPs)
             Began as a Djinni Ice Elementalist on Mar 31, 2021.
             Slain by a white imp (4 damage)
             ... on level 2 of the Dungeon.
             The game lasted 00:01:58 (1646 turns).

robertstho the Magician (Djinni Ice Elementalist)   Turns: 1646, Time: 00:01:59

Health: -2/27      AC:  2    Str:  7    XL:     3   Next: 66%
Gold:   57         EV: 12    Int: 17    God:
                   SH:  0    Dex: 13

rFire    + + .     SeeInvis .   h - +2 dagger (venom)
rCold    x . .     Faith    .   (no shield)
rNeg     . . .     Spirit   .   a - +0 robe
rPois    ∞         Reflect  .   (no helmet)
rElec    .         Harm     .   (no cloak)
rCorr    .         Rampage  .   (no gloves)
Will     .....                  (boots unavailable)
Stlth    ++........             (no amulet)
HPRegen  0.09/turn              (no ring)
MPRegen  0.00/turn              (no ring)

@: flying
A: fire resistance 2, cold vulnerability 1, float, innate caster, hp casting,
extra vitality 1
a: no special abilities


You were on level 2 of the Dungeon.
You visited 1 branch of the dungeon, and saw 2 of its levels.

You collected 57 gold pieces.

Inventory:

Hand Weapons
 d - a +0 spear
 h - a +2 dagger of venom (weapon)
Armour
 a - a +0 robe (worn)
Magical Staves
 g - a staff of air
Scrolls
 b - a scroll of blinking
 e - a scroll of identify {unknown}
Potions
 c - 2 potions of curing {unknown}
 i - a potion of degeneration {unknown}


   Skills:
 * Level 1.3 Fighting
 + Level 2.3 Dodging
 + Level 1.7 Stealth
 + Level 0.1 Unarmed Combat
 * Level 4.2 Spellcasting


You couldn't memorise any spells.
You knew the following spells:

 Your Spells              Type           Power      Damage    Failure   Level
a - Freeze                Ice            72%        1d9       2%          1
b - Frozen Ramparts       Ice            36%        1d5       8%          3
c - Ozocubu's Armour      Ice            18%        N/A       8%          3
d - Hailstorm             Conj/Ice       18%        3d6       26%         4
e - Summon Ice Beast      Ice/Summ       18%        N/A       26%         4
f - Pain                  Necr           72%        1d7       2%          1
Your spell library was empty.

Dungeon Overview and Level Annotations

Branches:
Dungeon (2/15)

Altars:


Innate Abilities, Weirdness & Mutations

You are immune to poison.
Your flesh is very heat resistant. (rF++)
You are vulnerable to cold. (rC-)
You float through the air rather than walking.
You learn spells naturally, not from books.
Your magical power is your life essence.
You have superior vitality. (+4 HP)


Message History

Okay, then.
You feel your willpower return.
HP restored.
Found a glowing plate armour.
Found 9 stones.
e - a scroll labelled INIAST UHERGH A white imp comes into view.
A white imp is nearby!
The white imp gestures at you. The puff of frost hits you!
You feel a terrible chill!
A bat comes into view.
You hit the white imp.
The white imp is moderately wounded.
The white imp barely misses you.
You hit the white imp.
The white imp is poisoned.
The white imp is heavily wounded.
The bat completely misses you. The bat misses you.
The white imp barely misses you.
You hit the white imp but do no damage.
The white imp is heavily wounded.
The bat misses you. The white imp hits you. The white imp freezes you!
You feel a terrible chill!
* * * LOW HITPOINT WARNING * * *
You are too injured to fight recklessly!
Unknown command.
The bat closely misses you.
Casting: Freeze (safe; 2% risk of failure)
Confirm with . or Enter, or press ? or * to list all spells.
Aiming: Freeze (safe; 2% risk of failure)
Press: ? - help, Shift-Dir - straight line, f - bat
Aim: a bat You freeze the bat.
The bat is heavily wounded.
* * * LOW HITPOINT WARNING * * *
The bat hits you.
* * * LOW HITPOINT WARNING * * *
The white imp hits you.
* * * LOW HITPOINT WARNING * * *
The white imp freezes you.
You feel a terrible chill!
You die...

#.........
##########.........
##...#...##.........
#.........#.........
..(.................
..............?.....
.............b......
....................
...........@5.......
........###.........
.........###########
............[....#
.................#
.................#
.................#
.................##
........######....####


You could see a white imp (poisoned) and a bat.

Vanquished Creatures
  An adder (D:2)
  2 dart slugs
  4 endoplasms (D:1)
  A giant cockroach (D:1)
  2 goblins (D:1)
  4 hobgoblins (D:1)
  3 jackals (D:1)
  3 quokkas (D:1)
  2 bats (D:1)
  A frilled lizard (D:1)
  2 kobolds (D:1)
  4 rats (D:1)
29 creatures vanquished.

Notes
Turn   | Place    | Note
-------+----------+-------------------------------------------
     0 | D:1      | robertstho the Djinni Ice Elementalist began the quest for
                  | the Orb.
     0 | D:1      | Reached XP level 1. HP: 15/15 MP: 0/0
   219 | D:1      | Reached XP level 2. HP: 21/22 MP: 0/0
   429 | D:1      | Reached skill level 4 in Spellcasting
   555 | D:1      | Reached skill level 1 in Fighting
   790 | D:1      | Reached XP level 3. HP: 14/27 MP: 0/0
   790 | D:1      | Learned a level 1 spell: Pain
  1646 | D:2      | Slain by a white imp

Illustrated notes

Levels and vault maps discovered:
D:1:      dpeg_arrival_morbid_curiosity, layout_basic
D:2:      layout_rooms, general_overflow_altar

Skill      XL: |  1  2 |
---------------+-------+-----
Spellcasting   | 4 |  4.2
Fighting       | 1 |  1.3
Dodging        | |  2.3
Stealth        | |  1.7
Unarmed Combat | |  0.1

Action                   || total
-------------------------++-------
Melee: Unarmed           ||    12
       Spear             ||    28
       Dagger            ||    18
 Cast: Freeze            ||    31
  Use: Scroll            ||     3
 Stab: Sleeping          ||     3
Armor: Robe              ||    17
Dodge: Dodged            ||    58

Table legend: (Time is in decaauts)
 A = Elapsed time spent in this place.
 B = Non-inter-level travel time spent in this place.
 C = Inter-level travel time spent in this place.
 D = Time resting spent in this place.
 E = Time spent auto-exploring this place.
 F = Levels seen in this place.
 G = Mean time per level.
                   A        B        C        D        E       F      G
               +--------+--------+--------+--------+--------+-----+--------+
         Total |   1647 |   1634 |     13 |      0 |   1430 |   2 |  823.5 |
       Dungeon |   1647 |   1634 |     13 |      0 |   1430 |   2 |  823.5 |
               +--------+--------+--------+--------+--------+-----+--------+

Top non-repeatable levels by time:
     D:1: 1528 daAuts
     D:2: 118 daAuts
